 Dungeon Crawl Stone Soup version 0.20-a0-191-g0795697 (webtiles) character file.

151 Charmandara the Ruffian (level 5, 0/40 HPs)
             Began as a Draconian Transmuter on Nov 23, 2016.
             Slain by an adder (2 damage)
             ... on level 3 of the Dungeon.
             The game lasted 00:06:24 (2256 turns).

Charmandara the Ruffian (Draconian Transmuter)      Turns: 2256, Time: 00:06:24

Health: 0/40       AC:  9    Str: 14 (17) XL:     5   Next: 11%
Magic:  4/8        EV: 12    Int: 12 (15) God:
Gold:   113        SH:  0    Dex: 12 (13) Spells: 2/8 levels left

rFire  . . .     SeeInvis .       - Unarmed
rCold  . . .     Gourm    .     (armour unavailable)
rNeg   . . .     Faith    .     (no shield)
rPois  .         Spirit   .     h - +2 hat
rElec  .         Reflect  .     m - +0 cloak
rCorr  .         Harm     .     l - +0 pair of gloves
MR     .....                    (no boots)
Stlth  +.........               (no amulet)
                                (no ring)
                                (no ring)

@: mighty, exhausted, very slightly contaminated, hasted and slowed
A: unfitting armour, talons 1, agile 1, cold-blooded, AC +5
a: no special abilities


You were on level 3 of the Dungeon.
You were hungry.

You visited 1 branch of the dungeon, and saw 3 of its levels.

You collected 113 gold pieces.

Inventory:

Hand Weapons
 y - a +2 flail of protection
   (You took it off an orc on level 3 of the Dungeon)
Missiles
 a - 30 arrows
 f - 2 needles of confusion
Armour
 h - a +2 hat (worn)
   (You found it on level 1 of the Dungeon)
 l - a +0 pair of gloves (worn)
   (You found it on level 1 of the Dungeon)
 m - a +0 cloak (worn)
   (You found it on level 1 of the Dungeon)
Scrolls
 i - a scroll of remove curse {unknown}
 n - a scroll of enchant weapon
 p - a scroll of teleportation {unknown}
 t - a scroll of recharging {unknown}
 u - a scroll of random uselessness {unknown}
 x - a scroll of immolation {unknown}
Potions
 e - 2 potions of magic
 s - a potion of mutation {!q}
 A - a potion of berserk rage {!q}
Books
 b - a book of Changes
Comestibles
 c - 2 bread rations {@e1}
 d - 3 fruits
 o - 2 beef jerkies
 r - 4 chunks of flesh {@w0}


   Skills:
 - Level 1.1 Fighting
 - Level 1.7 Dodging
 * Level 5.8 Unarmed Combat
 - Level 2.0 Spellcasting
 - Level 2.0 Transmutations


You had 2 spell levels left.
You knew the following spells:

 Your Spells              Type           Power        Failure   Level  Hunger
a - Beastly Appendage     Tmut           #.....       12%         1    ##.....
c - Spider Form           Tmut/Pois      #.........   56%         3    ####...
s - Sticks to Snakes      Tmut           #.......     17%         2    ###....


Dungeon Overview and Level Annotations

Branches:
Dungeon (3/15)

Altars:


Innate Abilities, Weirdness & Mutations

Your plain brown scales are hard. (AC +5)
You cannot fit into any form of body armour.
You are cold-blooded and may be slowed by cold attacks.
You have sharp toenails.
You are agile. (Dex +2)


Message History

Your extra speed is starting to run out.
Something hits you.
* * * LOW HITPOINT WARNING * * *
You take 3 damage, and have 7/60 hp.
You bump into the rock wall.
You feel your anger subside.
Unknown command.
You closely miss something.
You hear some strange, mumbled words.
Something tries to affect you, but you resist.
Unknown command.
You closely miss something.
You feel less confused. Something hits you.
* * * LOW HITPOINT WARNING * * *
You take 2 damage, and have 5/60 hp.
Unknown command.
You miss something.
Unknown command.
You hit something. Something hits you.
* * * LOW HITPOINT WARNING * * *
You take 1 damage, and have 4/60 hp.
Unknown command.
You miss something. You hit something but do no damage.
Your transformation has ended.
Your +0 cloak unmelds from your body.
Your +2 hat unmelds from your body.
Your +0 pair of gloves unmelds from your body.
You are no longer berserk.
You are exhausted.
You feel yourself slow down. Something hits you but does no damage.
You now have 3/40 hp.
Unknown command.
Unknown command.
It was a potion of degeneration.
There was something very wrong with that liquid.
You feel weakened.
You feel dopey.
You feel clumsy. Something hits you but does no damage.
Unknown command.
Okay, then.
Okay, then.
You aren't carrying any items that you can evoke.
Unknown command.
Okay, then.
Okay, then.
You aren't carrying any items that you can evoke.
Unknown command.
You create a snake!
You now have 30 arrows.
You are feeling hungry.
Something hits you.
* * * LOW HITPOINT WARNING * * *
Something hits you.
* * * LOW HITPOINT WARNING * * *
You take 2 damage, and have 1/40 hp.
You now have 5/8 mp.
Unknown command.
Unknown command.
Unknown command.
Something hits you but does no damage.
Unknown command.
You swap places.
Your ball python bites something but does no damage.
Your ball python closely misses something.
Something hits your ball python.
Your ball python dies!
Unknown command.
Casting: Sticks to Snakes You miscast Sticks to Snakes.
Nothing appears to happen.
Something hits you but does no damage.
You now have 3/8 mp.
As you read the scroll labeled HINLENUIHE, it crumbles to dust.
It is a scroll of enchant weapon.
Your flail of protection glows red for a moment.
You hear some strange, mumbled words.
A magic dart appears from out of thin air!
The magic dart hits you!
Unknown command.
Unknown command.
As you read the scroll labeled HIF FIFIGEMPY, it crumbles to dust.
You feel aware of your surroundings.
It was a scroll of magic mapping.
Something hits you but does no damage. Something barely misses you.
Unknown command.
Unknown command.
An orc wizard appears from thin air!
Reactivating autopickup.
Unknown command.
Okay, then.
You feel yourself speed up. The orc wizard misses you. The adder misses you.
The orc wizard hits you with a dagger.
* * * LOW HITPOINT WARNING * * *
Unknown command.
Unknown command.
Unknown command.
A ball python comes into view.
Unknown command.
The ball python hisses angrily.
The adder bites you.
You die...

#.......b##...............
#........##)###...####.##.
#........##.###...####....
###########.#.............
#######.###.##.###.#..
#......o..............
#.#####.#.##...######.
#.#####o#.............
#..S.@S.####..#.#####.
##########..........#,
####.#.....#, #.#.###.#,
#.#.# *,#, #.#.#**,*,
#.#..,,,*, *,###****,
*,,,,,,,,,


You could see an adder, an orc and a ball python.

Vanquished Creatures
  Natasha (D:3)
  6 adders
  A dart slug (D:2)
  3 leopard geckos
  2 orcs (D:3)
  5 giant cockroaches
  2 goblins (D:1)
  5 hobgoblins (D:1)
  7 jackals
  6 kobolds
  A quokka (D:2)
  6 bats
  8 frilled lizards
  16 rats
69 creatures vanquished.

Vanquished Creatures (collateral kills)
  An adder (D:3)
  A goblin (D:2)
  A frilled lizard (D:1)
  A kobold (D:2)
4 creatures vanquished.

Grand Total: 73 creatures vanquished

Notes
Turn   | Place    | Note
-------+----------+-------------------------------------------
     0 | D:1      | Charmandara the Draconian Transmuter began the quest for the Orb.
     0 | D:1      | Reached XP level 1. HP: 16/16 MP: 3/3
   141 | D:1      | Reached XP level 2. HP: 17/23 MP: 3/5
   306 | D:1      | Reached skill level 4 in Unarmed Combat
   362 | D:1      | Learned a level 2 spell: Sticks to Snakes
   524 | D:1      | Reached XP level 3. HP: 15/28 MP: 4/6
   536 | D:1      | Learned a level 3 spell: Spider Form
  1426 | D:2      | Reached XP level 4. HP: 21/35 MP: 3/7
  1466 | D:2      | Reached skill level 5 in Unarmed Combat
  2173 | D:3      | Noticed Natasha
  2196 | D:3      | Gained mutation: You have sharp toenails. [potion of beneficial mutation]
  2197 | D:3      | Gained mutation: You are agile. (Dex +2) [potion of beneficial mutation]
  2224 | D:3      | Killed Natasha
  2224 | D:3      | Reached XP level 5. HP: 17/40 MP: 5/8
  2233 | D:3      | HP: 7/40 [something (5)]
  2240 | D:3      | HP: 5/60 [something (2)]
  2246 | D:3      | HP: 2/40 [something (1)]
  2253 | D:3      | HP: 2/40 [orc wizard/dagger (1)]
  2256 | D:3      | Slain by an adder

Vault maps used:
D:1:      lightli_arrival_flooded_house, minmay_vboxes
D:2:      minmay_tetromino_o4
D:3:      uniq_grinder, uniq_natasha

Skill      XL: |  1  2  3  4 |
---------------+-------------+-----
Unarmed Combat | 4 5 |  5.8
Fighting       | |  1.1
Dodging        | |  1.7
Spellcasting   | |  2.0
Transmutations | |  2.0

Action                   |  1- 3 |  4- 6 || total
-------------------------+-------+-------++-------
Melee: Unarmed           |   174 |    83 ||   257
       Headbutt          |     8 |       ||     8
       Kick              |     6 |     8 ||    14
       Tailslap          |    12 |     2 ||    14
       Punch             |     1 |     3 ||     4
 Cast: Beastly Appendage |    30 |    15 ||    45
       Sticks to Snakes  |     5 |     8 ||    13
  Use: Scroll            |     4 |     3 ||     7
       Potion            |       |     8 ||     8
 Stab: Sleeping          |     1 |       ||     1
  Eat: Chunk             |     3 |     3 ||     6
Armor: Skin              |   110 |    27 ||   137
Dodge: Dodged            |   190 |    51 ||   241

Vault maps used:
D:1:      lightli_arrival_flooded_house, minmay_vboxes
D:2:      minmay_tetromino_o4
D:3:      uniq_grinder, uniq_natasha

Table legend:
 A = Turns spent in this place as a percentage of turns spent in the entire game.
 B = Non-inter-level travel turns spent in this place as a percentage of non-inter-level travel turns spent in the entire game.
 C = Inter-level travel turns spent in this place as a percentage of turns spent in this place.
 D = Turns resting spent in this place as a percentage of non-inter-level travel turns spent in this place.
 E = Turns spent auto-exploring this place as a percentage of non-inter-level travel turns spent in this place.
 F = Non-inter-level travel turns spent in this place divided by the number of levels of this place that you've seen.
                   A       B       C       D       E      F
               +-------+-------+-------+-------+-------+----------------------
         Total | 100.0 | 100.0 |   0.2 |   3.7 |   5.8 | 330.7
       Dungeon | 100.0 | 100.0 |   0.2 |   3.7 |   5.8 | 330.7
               +-------+-------+-------+-------+-------+----------------------

Table legend:
 A = Kills in this place as a percentage of kills in entire the game.
 B = Kills by you in this place as a percentage of kills by you in the entire game.
 C = Kills by friends in this place as a percentage of kills by friends in the entire game.
 D = Other kills in this place as a percentage of other kills in the entire game.
 E = Experience gained in this place as a percentage of experience gained in the entire game.
 F = Experience gained in this place divided by the number of levels of this place that you have seen.
                   A       B       C       D       E      F
               +-------+-------+-------+-------+-------+----------------------
         Total | 100.0 | 100.0 | 100.0 |  -nan | 100.0 |  72.3
       Dungeon | 100.0 | 100.0 | 100.0 |  -nan | 100.0 |  72.3
               +-------+-------+-------+-------+-------+----------------------
